 Dungeon Sprint DCSS version 0.28-a0-410-gbef64dd269 (webtiles) character file.

Game seed: 15666608694812814007

94 ugugthedestroyer the Cleaver (level 4, -1/45 HPs)
             Began as a Hill Orc Monk on Sept 6, 2021.
             Was an Elder of Beogh.
             Slain by a gnoll (4 damage)
             ... in the Dungeon (Sprint VII: "The Pits").
             The game lasted 00:01:13 (283 turns).

ugugthedestroyer the Cleaver (Hill Orc Monk)         Turns: 283, Time: 00:01:14

Health: -1/45      AC:  2    Str: 14    XL:     4   Next: 63%
Magic:  4/4        EV: 13    Int: 10    God:    Beogh [****..]
Gold:   0          SH:  0    Dex: 13    Spells: 3/3 levels left

rFire   . . .      SeeInvis .   i - +2 hand axe
rCold   . . .      Faith    .   (no shield)
rNeg    . . .      Spirit   .   b - +0 robe
rPois   .          Reflect  .   (no helmet)
rElec   .          Harm     .   (no cloak)
rCorr   .          Rampage  .   (no gloves)
Will    .....      NoTele   +   (no boots)
Stlth   ++........              (no amulet)
HPRegen 0.15/turn               (no ring)
MPRegen 0.09/turn               (no ring)

@: on berserk cooldown, very slightly contaminated, slowed, invisible, very slow
A: no striking features
a: Renounce Religion, Smiting, Recall Orcish Followers


You were in the Dungeon.
You worshipped Beogh.
Beogh was greatly pleased with you.
You visited 1 branch

Inventory:

Hand Weapons
 a - a +0 hand axe
 i - a +2 hand axe (weapon)
Armour
 b - a +0 robe (worn)
Scrolls
 h - a scroll of blinking
 k - 5 scrolls of amnesia
 l - a scroll of summoning
Potions
 c - a potion of curing
 e - a potion of haste
 f - 4 potions of magic
 g - 2 potions of berserk rage
 j - a potion of invisibility


   Skills:
 + Level 6.9 Fighting
 + Level 8.0 Axes
 + Level 4.7 Dodging
 - Level 1.7 Stealth


You had 3 spell levels left.
You didn't know any spells.
Your spell library was empty.

Dungeon Overview and Level Annotations

Branches:
Dungeon (1/1)

Altars:
Ashenzari
Cheibriados
Dithmenos
Elyvilon
Fedhas
Gozag
Hepliaklqana
Kikubaaqudgha
Makhleb
Nemelex Xobeh
Okawaru
Qazlal
Ru
Sif Muna
Trog
Uskayaw
Vehumet
Wu Jian
Xom
Yredelemnul
Zin
The Shining One
Beogh
Jiyva
Lugonu


Message History

Increase (S)trength, (I)ntelligence, or (D)exterity?
You feel stronger.
You slash the gnoll sergeant!
The gnoll sergeant is severely wounded.
You barely miss the gnoll sergeant.
The gnoll sergeant is severely wounded.
The gnoll sergeant hits you with a +0 spear.
You catch the helpless gnoll sergeant completely off-guard!
You slash the gnoll sergeant!
The gnoll sergeant is almost dead.
The gnoll sergeant barely misses you.
You catch the helpless gnoll sergeant completely off-guard!
You slash the gnoll sergeant!
You kill the gnoll sergeant!
Beogh accepts your kill.
Your Fighting skill increases to level 6!
Your Axes skill gained 2 levels and is now at level 8!
Your Dodging skill increases to level 4!
You have reached level 4!
You are no longer berserk.
You are exhausted.
You feel yourself slow down.
The gnoll hits you from afar with a +0 spear.
* * * LOW HITPOINT WARNING * * *
Things that are here:
a +0 spear; a +0 ring mail; a gnoll corpse The gnoll hits you with a +0 spear.
* * * LOW HITPOINT WARNING * * *
You catch the helpless gnoll completely off-guard!
You hit the gnoll.
The gnoll is moderately wounded.
The gnoll barely misses you.
You hit the gnoll.
The gnoll is severely wounded.
The gnoll barely misses you. The gnoll hits you with a +0 spear!
* * * LOW HITPOINT WARNING * * *
You hit the gnoll.
The gnoll is almost dead.
The gnoll hits you with a +0 spear.
You die...

#...........'..........
#+#####'#####......#..#
#.†...##..........
#####'#####'#####+
#.....##.......#
#.....##.......#
###)####.......#
##+#.))..##...<...#
#...@....##.......#
#..g.....##.......#
###########.......#
#########


You could see a gnoll.

Vanquished Creatures
  A gnoll sergeant (D)
  2 gnolls (D)
  An ufetubus (D)
  An orc (D)
  A quokka (D)
  A ball python (D)
  A bat (D)
  A kobold (D)
  A quokka zombie (D)
  A rat (D)
11 creatures vanquished.

Notes
Turn   | Place    | Note
-------+----------+-------------------------------------------
     0 | D        | ugugthedestroyer the Hill Orc Monk began the quest for the
                  | Orb.
     0 | D        | Reached XP level 1. HP: 19/19 MP: 1/1
    48 | D        | Found a bloodstained altar of Trog.
    48 | D        | Found a shimmering blue altar of Sif Muna.
    48 | D        | Found a viscous altar of Jiyva.
    48 | D        | Found a hazy altar of Hepliaklqana.
    48 | D        | Found an opulent altar of Gozag.
    49 | D        | Found a glowing golden altar of the Shining One.
    49 | D        | Found a glowing silver altar of Zin.
    49 | D        | Found a basalt altar of Yredelemnul.
    49 | D        | Found a shimmering altar of Xom.
    49 | D        | Found an ornate altar of the Wu Jian Council.
    49 | D        | Found a sacrificial altar of Ru.
    49 | D        | Found a stormy altar of Qazlal.
    49 | D        | Found an iron altar of Okawaru.
    49 | D        | Found a sparkling altar of Nemelex Xobeh.
    49 | D        | Found a burning altar of Makhleb.
    49 | D        | Found a blossoming altar of Fedhas.
    49 | D        | Found a white marble altar of Elyvilon.
    49 | D        | Found a shadowy altar of Dithmenos.
    49 | D        | Found a snail-covered altar of Cheibriados.
    53 | D        | Found a roughly hewn altar of Beogh.
    53 | D        | Found a corrupted altar of Lugonu.
    53 | D        | Found a radiant altar of Vehumet.
    54 | D        | Found a broken altar of Ashenzari.
    54 | D        | Found an ancient bone altar of Kikubaaqudgha.
    54 | D        | Found a hide-covered altar of Uskayaw.
    61 | D        | Became a worshipper of Beogh the Brigand
    61 | D        | Reached * piety under Beogh
    61 | D        | Reached ** piety under Beogh
    83 | D        | Reached XP level 2. HP: 11/28 MP: 2/2
   255 | D        | Reached skill level 5 in Axes
   260 | D        | Noticed a gnoll sergeant
   267 | D        | Reached *** piety under Beogh
   268 | D        | Reached skill level 5 in Fighting
   274 | D        | Reached **** piety under Beogh
   275 | D        | Reached skill level 6 in Axes
   275 | D        | Reached XP level 3. HP: 22/36 MP: 3/3
   278 | D        | Killed a gnoll sergeant
   279 | D        | Reached skill level 8 in Axes
   279 | D        | Reached XP level 4. HP: 23/45 MP: 4/4
   283 | D        | Slain by a gnoll

Illustrated notes

Levels and vault maps discovered:
D:        pitsprint [storerooms_1, entrance_room_1, metal_vault_3, armoury_2,
          mini_pit_1, grid_room_1, main_hall_1, silver_pit, the_coven_1,
          the_vestibule_1, steel_vault_2, golden_pit, hallway_of_sentries,
          crystal_vault_4, iron_vault_4, final_vault]

Skill      XL: |  1  2  3 |
---------------+----------+-----
Fighting       | 4 5 6 |  6.9
Dodging        | 3 4 |  4.7
Axes           | 6 8 |  8.0
Stealth        | |  1.7

Action                   |  1- 3 |  4- 6 || total
-------------------------+-------+-------++-------
Melee: Hand axe          |    25 |     3 ||    28
  Use: Potion            |     3 |       ||     3
 Stab: Sleeping          |     2 |       ||     2
       Invisible         |     8 |     1 ||     9
Armor: Robe              |     4 |       ||     4
Dodge: Dodged            |    23 |     2 ||    25

Table legend: (Time is in decaauts)
 A = Elapsed time spent in this place.
 B = Non-inter-level travel time spent in this place.
 C = Inter-level travel time spent in this place.
 D = Time resting spent in this place.
 E = Time spent auto-exploring this place.
 F = Levels seen in this place.
 G = Mean time per level.
                   A        B        C        D        E       F      G
               +--------+--------+--------+--------+--------+-----+--------+
         Total |    280 |    280 |      0 |      0 |      0 |   1 |  280.0 |
       Dungeon |    280 |    280 |      0 |      0 |      0 |   1 |  280.0 |
               +--------+--------+--------+--------+--------+-----+--------+

Top non-repeatable levels by time:
       D: 280 daAuts
